 Dungeon Crawl Stone Soup version 0.29.1-2-gbd0b4ee654 (webtiles) character file.

Game seed: 3217974527785908427

100303 mortz the Carver (level 16, -3/100 HPs)
             Began as a Gargoyle Fighter on Nov 3, 2022.
             Was the Champion of Okawaru.
             Slain by Rupert
             ... wielding a +6 great sword of distortion
              (28 damage)
             ... in the Arena on Nov 4, 2022.
             The game lasted 01:57:02 (19754 turns).

mortz the Carver (Gargoyle Fighter)                Turns: 19754, Time: 01:57:02

Health: -3/100     AC: 29    Str: 21      XL:     16   Next: 27%
Magic:  15/25      EV: 13    Int:  7 (10) God:    Okawaru [******]
Gold:   1404       SH:  0    Dex: 16 (18) Spells: 14/15 levels left

rFire   . . .      SeeInvis .   a - +0 great sword (flame)
rCold   . . .      Faith    .   (shield currently unavailable)
rNeg    + + +      Spirit   .   s - +1 scale mail of Inisink {rN++ Regen+}
rPois   ∞          Reflect  +   d - +2 hat {Stlth+}
rElec   +          Harm     .   c - +1 cloak
rCorr   .          Rampage  .   V - +2 pair of gloves {Dex+3}
Will    +....                   (no boots)
Stlth   +.........              q - amulet of reflection
HPRegen 1.06/turn               i - ring of wizardry
MPRegen 0.19/turn               (no ring)

@: confused, finesse-ful, flying, duelling
A: sickness immunity, AC +12, big wings, negative energy resistance 1,
electricity resistance, torment resistance 1, petrification resistance, hooves
1, deterioration 1
a: Renounce Religion, Heroism, Finesse, Duel


You were in the Arena.
You worshipped Okawaru.
Okawaru was exalted by your worship.
You visited 3 branches of the dungeon, and saw 18 of its levels.
You visited the Abyss 1 time.
You also visited: Volcano.

You collected 1437 gold pieces.
You spent 33 gold pieces at shops.

Inventory:

Hand Weapons
 a - a +0 great sword of flaming (weapon)
 b - the +4 war axe of an ice cave {vorpal, rF+ Dex+5}
   (Okawaru gifted it to you on level 10 of the Dungeon)

   It inflicts extra damage upon your enemies.
   Dex:       It affects your dexterity (+5).
   rF:        It protects you from fire.
 f - a +3 falchion of flaming
 k - a +4 vampiric long sword
 Y - a +1 trident of protection
Missiles
 H - 13 poisoned darts
 I - a silver javelin
 U - 7 boomerangs of dispersal
 X - 3 silver boomerangs (quivered)
Armour
 c - a +1 cloak (worn)
 d - a +2 hat of stealth (worn)
 o - +0 fire dragon scales
 s - the +1 scale mail of Inisink (worn) {rN++ Regen+}
   (You found it on level 1 of the Lair of Beasts)

   rN:        It greatly protects you from negative energy.
   Regen:     It increases your rate of health regeneration.
 z - a +0 kite shield
 A - a +0 plate armour
 F - a +1 buckler of fire resistance
 V - a +2 pair of gloves of dexterity (worn)
 W - a +0 chain mail of cold resistance
Jewellery
 i - a ring of wizardry (left hand)
 l - a ring of fire
 q - an amulet of reflection (around neck)
 y - a +6 ring of intelligence
 S - a ring of ice
 T - an amulet of the acrobat
Wands
 p - a wand of flame (14)
 t - a wand of quicksilver (2)
 N - a wand of mindburst (14)
 Q - a wand of iceblast (5)
Scrolls
 g - 3 scrolls of teleportation
 r - a scroll of blinking
 w - 3 scrolls of poison
 x - 6 scrolls of immolation
 G - a scroll of magic mapping
 O - 2 scrolls of identify
 P - 2 scrolls of fear
Potions
 e - 5 potions of mutation
 h - 2 potions of might
 j - 11 potions of curing
 m - 2 potions of ambrosia
 n - 3 potions of attraction
 u - 3 potions of brilliance
 v - a potion of cancellation
 B - 2 potions of berserk rage
 C - a potion of lignification
 E - 2 potions of invisibility
 K - 6 potions of haste
Miscellaneous
 M - a condenser vane


   Skills:
 + Level 11.1 Fighting
 + Level 13.8 Long Blades
 - Level 0.3 Axes
 + Level 1.6 Throwing
 + Level 10.9 Armour
 + Level 6.1 Dodging
 + Level 2.2 Stealth
 + Level 12.6 Shields
 + Level 12.9 Invocations
 + Level 0.7 Evocations


You had 14 spell levels left.
You knew the following spells:

 Your Spells              Type           Power      Damage    Failure   Level
a - Apportation           Tloc           0%         N/A       38%         1

Your spell library contained the following spells:

 Spells                   Type           Power      Damage    Failure   Level
 Freeze                   Ice            0%         1d3       38%         1
 Necrotise                Necr           0%         1d4       38%         1
 Shock                    Conj/Air       0%         1d3       38%         1
 Scorch                   Fire           0%         2d5       50%         2
 Frozen Ramparts          Ice            0%         1d1       73%         3
 Ozocubu's Armour         Ice            0%         N/A       73%         3
 Swiftness                Air            0%         N/A       73%         3
 Airstrike                Air            0%         2d(0-16)  98%         4
 Flame Wave               Conj/Fire      0%         2d4       98%         4
 Hailstorm                Conj/Ice       0%         3d3       98%         4
 Petrify                  Tmut/Erth      0%         N/A       98%         4
 Irradiate                Conj/Tmut      0%         3d11      100%        5
 Lightning Bolt           Conj/Air       0%         1d11      100%        5
 Metabolic Englaciation   Hex/Ice        0%         N/A       100%        5
 Conjure Ball Lightning   Conj/Air       0%         3x3d6     100%        6
 Discord                  Hex            0%         N/A       100%        8
 Disjunction              Tloc           0%         N/A       100%        8
 Summon Small Mammal      Summ           Unusable   N/A       N/A         1
 Sublimation of Blood     Necr           Unusable   N/A       N/A         2
 Summon Lightning Spire   Summ/Air       Unusable   N/A       N/A         4
 Simulacrum               Ice/Necr       Unusable   N/A       N/A         6
 Statue Form              Tmut/Erth      Unusable   N/A       N/A         6
 Summon Cactus Giant      Summ           Unusable   N/A       N/A         6

Dungeon Overview and Level Annotations

Branches:
Dungeon (12/15) Zot: 26832  Temple (1/1) D:7 Zot: 5789    Lair (5/5) D:10 Zot: 23064
 Shoals (0/4) Lair:2       Spider (0/4) Lair:3        Slime (0/5) Lair:4
    Orc (0/2) D:9         Volcano (visited)

Altars:
Ashenzari
Cheibriados
Dithmenos
Elyvilon
Fedhas
Gozag
Hepliaklqana
Kikubaaqudgha
Makhleb
Nemelex Xobeh
Okawaru
Qazlal
Ru
Sif Muna
Trog
Uskayaw
Vehumet
Wu Jian
Xom
Yredelemnul
Zin
The Shining One
Jiyva

Shops:
D:8 **   D:9 (

Annotations:
D:8 1 runed translucent door, videwesjr's ghost, novice MiBe Arena Rupert


Innate Abilities, Weirdness & Mutations

You are immune to sickness and miasma.
Your stone body is resilient. (AC +12)
You are immune to poison.
Your large and strong wings let you fly.
You resist negative energy. (rN+)
You are resistant to electric shocks. (rElec)
You are resistant to unholy torment.
You are immune to petrification.
You have large cloven feet.
Your body sometimes deteriorates upon taking damage.


Message History

Rupert is lightly wounded.
You slash Rupert! You burn Rupert.
Rupert is moderately wounded.
Space warps horribly around you!!
Your body deteriorates!
You feel clumsy.
You hit Rupert. You burn Rupert. You kick Rupert.
Rupert is moderately wounded.
You closely miss Rupert. You kick Rupert, but do no damage.
Rupert is moderately wounded.
Rupert hits you with a +6 great sword of distortion!
Your body deteriorates!
You feel dopey.
Okawaru prevents your banishment from the Arena!
You slice Rupert!! You burn Rupert! You kick Rupert, but do no damage.
Rupert is severely wounded.
You slice Rupert!! You burn Rupert! Your kick misses Rupert.
Rupert is almost dead.
Rupert yells loudly at you.
You are confused.
The spectator cheers loudly.
Rupert attacks as you move away! Rupert closely misses you.
You bump into the translucent unnaturally hard rock wall.
Rupert roars madly and goes into a rage!
Rupert goes berserk!
You closely miss Rupert. Your kick misses Rupert.
Rupert is almost dead.
Rupert hits you with a +6 great sword of distortion!!
* * * LOW HITPOINT WARNING * * *
Space warps around you.
* * * LOW HITPOINT WARNING * * *
Rupert completely misses you.
You closely miss Rupert. Your kick misses Rupert.
Rupert is almost dead.
Rupert hits you with a +6 great sword of distortion!
* * * LOW HITPOINT WARNING * * *
Space warps around you.
* * * LOW HITPOINT WARNING * * *
You feel much better.
Rupert hits you with a +6 great sword of distortion!!
You die...
Okawaru crowns Rupert victorious!

###########
#.pp▓∩▓p..#
#.▓▓▓▓▓▓▓.#
#.▓.....▓p#
#p▓.....▓p#
#p▓..∩.@▓p#
#p▓...@.▓p#
#p▓.....▓p#
#.▓▓▓▓▓▓▓.#
#....ppp..#
###########


You could see Rupert (berserk).

Vanquished Creatures
  A bone dragon (Abyss:3)
  2 tentacled starspawn (Abyss:3)
  The ghost of Anandil the Blocker, a journeyman DrCj of Makhleb (Lair:5)
  Fannar (Lair:1)
  3 hydras
  Harold (D:9)
  A boulder beetle (Lair:2)
  A catoblepas (Lair:5)
  A deep troll shaman (Lair:5)
  2 two-headed ogres
  8 death yaks
  A wretched star (Abyss:3)
  An orb spider (Lair:3)
  7 deep elf pyromancers (Volcano)
  A deep elf archer (Volcano)
  An orc knight (D:11)
  A lindwurm (Lair:5)
  An ugly thing (D:11)
  A will-o-the-wisp (Abyss:3)
  2 black mambas
  17 elephants
  5 cane toads
  A merfolk siren (Lair:2)
  An unseen horror (D:11)
  2 rime drakes
  6 komodo dragons
  A starcursed mass (Abyss:3)
  2 tengu conjurers (D:11)
  A red devil (Abyss:3)
  A merfolk (Lair:2)
  4 trolls
  4 polar bears
  14 blink frogs
  A hornet (D:8)
  Sigmund (D:3)
  43 yaks
  A vampire (D:10)
  9 wyverns
  2 wraiths
  3 basilisks
  7 fire elementals (Volcano)
  4 steam dragons
  Grum (D:9)
  3 vampire mosquitoes (D:11)
  2 wargs
  2 neqoxecs (Abyss:3)
  9 water moccasins
  2 large abominations (Abyss:3)
  3 hell hounds (Volcano)
  Duvessa (D:4)
  3 orc warriors
  3 sky beasts
  5 black bears
  An ogre (D:4)
  3 centaurs
  2 small abominations (Abyss:3)
  26 wolves
  A phantom (D:7)
  A kobold brigand (D:11)
  13 bullfrogs
  A gnoll sergeant (D:5)
  6 scorpions
  A necrophage (D:6)
  5 wights
  Dowan (D:4)
  5 killer bees
  7 howler monkeys
  A lava snake (D:11)
  A quasit (Abyss:3)
  5 orc priests
  2 jellies
  4 hounds
  4 orc wizards
  2 iguanas
  7 gnolls (D:5)
  6 adders
  A shadow imp (D:7)
  A white imp (D:8)
  An ufetubus (D:5)
  3 dart slugs
  28 orcs
  5 bats
  2 endoplasms
  A giant cockroach (D:4)
  A goblin (D:3)
  7 hobgoblins
  11 jackals
  5 quokkas
  9 ball pythons
  4 frilled lizards
  16 kobolds
  7 rats
  A lurking horror (Abyss:3)
410 creatures vanquished.

Vanquished Creatures (others)
  5 demonic plants (Abyss:3)
  6 foxfires (Abyss:3)
  25 fungi
  44 plants
  14 starspawn tentacles (Abyss:3)
94 creatures vanquished.

Grand Total: 504 creatures vanquished

Notes
Turn   | Place    | Note
-------+----------+-------------------------------------------
     0 | D:1      | mortz the Gargoyle Fighter began the quest for the Orb.
     0 | D:1      | Reached XP level 1. HP: 14/14 MP: 1/1
   259 | D:1      | Reached XP level 2. HP: 17/20 MP: 2/2
   598 | D:1      | Found a faded altar of an unknown god.
  1089 | D:2      | Reached XP level 3. HP: 17/24 MP: 3/3
  1206 | D:2      | Reached skill level 2 in Long Blades
  1553 | D:2      | Reached XP level 4. HP: 29/29 MP: 4/4
  2053 | D:3      | Noticed Sigmund
  2070 | D:3      | Killed Sigmund
  2071 | D:3      | Reached skill level 3 in Long Blades
  2071 | D:3      | Reached skill level 1 in Dodging
  2071 | D:3      | Reached XP level 5. HP: 11/33 MP: 5/5
  2074 | D:3      | Reached XP level 6. HP: 10/38 MP: 6/6
  2819 | D:3      | Found a radiant altar of Vehumet.
  2821 | D:3      | Found a glowing silver altar of Zin.
  2823 | D:3      | Found an iron altar of Okawaru.
  2827 | D:3      | Became a worshipper of Warmaster Okawaru
  2918 | D:3      | Identified a scroll of acquirement
  2918 | D:3      | Acquired an amulet of reflection
  3117 | D:4      | Noticed a black bear
  3126 | D:4      | Killed a black bear
  3127 | D:4      | Reached skill level 4 in Long Blades
  3194 | D:4      | Noticed Dowan
  3200 | D:4      | Noticed Duvessa
  3413 | D:4      | Killed Duvessa
  3414 | D:4      | Reached XP level 7. HP: 43/44 MP: 7/7
  3426 | D:4      | Killed Dowan
  3741 | D:4      | Reached * piety under Okawaru
  3773 | D:4      | Found a shadowy altar of Dithmenos.
  4224 | D:5      | Entered Level 5 of the Dungeon
  4231 | D:5      | Reached skill level 5 in Armour
  4329 | D:4      | Reached skill level 5 in Long Blades
  4340 | D:4      | Reached skill level 1 in Invocations
  4344 | D:4      | Reached XP level 8. HP: 48/48 MP: 7/9
  4642 | D:5      | Reached skill level 5 in Fighting
  4883 | D:6      | Reached ** piety under Okawaru
  5083 | D:6      | Learned a level 1 spell: Apportation
  5148 | D:6      | Noticed a wyvern
  5158 | D:6      | Killed a wyvern
  5159 | D:6      | Reached skill level 6 in Long Blades
  5210 | D:6      | Reached skill level 1 in Stealth
  5210 | D:6      | Reached skill level 5 in Shields
  5426 | D:6      | Reached XP level 9. HP: 54/54 MP: 11/11
  5911 | D:7      | Noticed a troll
  5922 | D:6      | Killed a troll
  5922 | D:6      | Reached *** piety under Okawaru
  5923 | D:6      | Reached skill level 7 in Long Blades
  6298 | D:7      | Found a staircase to the Ecumenical Temple.
  7032 | D:7      | Reached skill level 5 in Invocations
  7276 | D:8      | Found a runed translucent door.
  7427 | Temple   | Entered the Ecumenical Temple
  8016 | D:8      | Found Nuer's Assorted Antiques.
  8179 | D:8      | Noticed videwesjr's ghost (novice MiBe)
  8194 | D:8      | Noticed a hornet
  8209 | D:8      | Killed a hornet
  8209 | D:8      | Reached **** piety under Okawaru
  8210 | D:8      | Reached XP level 10. HP: 50/60 MP: 14/14
  8441 | D:8      | Reached skill level 8 in Long Blades
  8464 | D:8      | Found Ogot's Serpentskin Sales.
  8481 | D:8      | Bought 2 poisoned darts for 9 gold pieces
  8481 | D:8      | Bought 5 poisoned darts for 24 gold pieces
  8574 | D:8      | Found a glowing golden altar of the Shining One.
  8936 | D:9      | Noticed Harold
  9062 | D:9      | Killed Harold
  9062 | D:9      | Reached ***** piety under Okawaru
  9096 | D:9      | Noticed Grum
  9125 | D:9      | Killed Grum
  9167 | D:9      | Found a staircase to the Orcish Mines.
  9312 | D:9      | Found Pikeeggi's Weapon Boutique.
  9410 | D:9      | Reached skill level 1 in Throwing
 10000 | D:10     | Entered Level 10 of the Dungeon
 10086 | D:10     | Reached skill level 9 in Long Blades
 10512 | D:10     | Reached XP level 11. HP: 59/66 MP: 16/16
 10525 | D:10     | Identified the +4 war axe of an ice cave {vorpal, rF+
                  | Dex+5} (Okawaru gifted it to you on level 10 of the
                  | Dungeon)
 10525 | D:10     | Received a gift from Okawaru
 10536 | D:10     | Found a staircase to the Lair.
 10679 | D:10     | Noticed a two-headed ogre
 10695 | D:10     | Killed a two-headed ogre
 11104 | Lair:1   | Entered Level 1 of the Lair of Beasts
 11387 | Lair:1   | Noticed Fannar
 11413 | Lair:1   | Killed Fannar
 11518 | Lair:1   | Noticed a five-headed hydra
 11540 | Lair:1   | Received a gift from Okawaru
 11552 | Lair:1   | Reached skill level 10 in Long Blades
 11614 | Lair:1   | Killed a one-headed hydra
 12202 | Lair:1   | Identified the +1 scale mail of Inisink {rN++ Regen+}
 12452 | Lair:1   | Reached XP level 12. HP: 73/73 MP: 18/18
 12650 | Lair:2   | Noticed a boulder beetle
 12669 | Lair:2   | Killed a boulder beetle
 12870 | Lair:2   | Received a gift from Okawaru
 12871 | Lair:2   | Reached skill level 10 in Shields
 13295 | Lair:2   | Found a staircase to the Shoals.
 13415 | Lair:3   | You fall into a shaft and drop 2 floors!
 13415 | Lair:5   | Entered Level 5 of the Lair of Beasts
 13451 | Lair:4   | Noticed a death yak
 13481 | Lair:4   | Killed a death yak
 13482 | Lair:4   | Reached skill level 11 in Long Blades
 13516 | Lair:4   | Reached ****** piety under Okawaru
 13547 | Lair:4   | Found a dark tunnel.
 13556 | Volcano  | Entered a volcano
 13984 | Volcano  | Reached skill level 10 in Invocations
 13991 | Volcano  | Reached XP level 13. HP: 42/80 MP: 16/20
 14736 | Lair:3   | Found a hole to the Spider Nest.
 14867 | Lair:3   | Received a gift from Okawaru
 15274 | Lair:3   | Reached skill level 10 in Armour
 15274 | Lair:3   | Reached skill level 5 in Dodging
 15274 | Lair:3   | Gained mutation: Your large and strong wings let you fly.
                  | [Gargoyle growth]
 15274 | Lair:3   | Reached XP level 14. HP: 87/87 MP: 22/22
 15275 | Lair:3   | Reached skill level 10 in Fighting
 15275 | Lair:3   | Reached XP level 15. HP: 92/92 MP: 22/24
 15517 | Lair:4   | Reached skill level 12 in Long Blades
 16094 | Lair:4   | Found a staircase to the Slime Pits.
 16094 | Lair:4   | Found a viscous altar of Jiyva.
 16882 | Lair:5   | Found a runed translucent door.
 17307 | Lair:5   | Noticed Anandil's ghost (journeyman DrCj)
 17356 | Lair:5   | Killed Anandil's ghost
 17862 | Lair:5   | Reached skill level 13 in Long Blades
 18142 | D:11     | Reached XP level 16. HP: 92/99 MP: 25/25
 18515 | D:11     | Received a gift from Okawaru
 19008 | D:12     | Noticed Rupert
 19032 | Abyss:3  | Cast into level 3 of the Abyss (Rupert)
 19166 | Abyss:3  | Found a corrupted altar of Lugonu.
 19198 | Abyss:3  | Gained mutation: You have large cloven feet. [a neqoxec]
 19199 | Abyss:3  | Gained mutation: Your body sometimes deteriorates upon
                  | taking damage. [a neqoxec]
 19270 | Abyss:3  | Noticed a tentacled starspawn
 19322 | Abyss:3  | Noticed a bone dragon
 19350 | Abyss:3  | Killed a bone dragon
 19440 | Abyss:3  | Noticed a tentacled starspawn
 19449 | Abyss:3  | Killed a tentacled starspawn
 19473 | Abyss:3  | Noticed a tentacled starspawn
 19485 | Abyss:3  | Killed a tentacled starspawn
 19485 | Abyss:3  | Received a gift from Okawaru
 19499 | Abyss:3  | Gained mutation: You are clumsy. (Dex -2) [a neqoxec]
 19505 | Abyss:3  | Lost mutation: You are clumsy. (Dex -2) [a neqoxec]
 19529 | Abyss:3  | Noticed an ancient lich
 19547 | Abyss:3  | Found a corrupted altar of Lugonu.
 19631 | Abyss:3  | Paralysed by accursed screaming for 1 turns
 19645 | Abyss:3  | Noticed a tentacled starspawn
 19669 | D:12     | Escaped the Abyss
 19738 | Arena    | Entered the Arena
 19753 | Arena    | HP: 5/100 [Rupert/+6 great sword of distortion (4)]
 19754 | Arena    | Slain by Rupert

Illustrated notes

Levels and vault maps discovered:
D:1:      saegor_arrival_simple_e, layout_basic,
          hellmonk_ecumenical_altar_lost_god
D:2:      layout_loops_ring, moated_statue
D:3:      layout_loops_ring, grunt_temple_overflow_diamond, uniq_sigmund
D:4:      layout_basic, nicolae_overflow_crystal_walls, uniq_duvessa
D:5:      layout_rooms
D:6:      layout_loops_corners, serial_rivers, chequers_serial_rivers_micro_d,
          chequers_serial_rivers_micro_b, chequers_serial_rivers_small_a,
          chequers_serial_rivers_small_3, chequers_serial_rivers_micro_c,
          chequers_serial_rivers_room_b
D:7:      layout_basic, minmay_temple_entry_offerings
D:8:      layout_loops_corners, mainiacjoe_overflow_alcove_4,
          hellmonk_ghost_big_iron, serial_shops, shop, guppyfry_shop_venom
D:9:      layout_stronghold, erik_orc_4, serial_shops, shop, uniq_harold,
          uniq_grum
D:10:     layout_irregular_city, minmay_lair_entry_grove
D:11:     layout_roguey, kennysheep_crisscross, minivault_27
D:12:     minmay_statue_hallways, layout_irregular_city,
          amcnicky_mini_rare_corridor_liquid, uniq_rupert
Temple:   minmay_crystal_spiral_temple
Lair:1:   layout_roguey, uniq_fannar
Lair:2:   layout_small_grid, elwin_shoals_entry_rooms, lemuel_fruit_fields
Lair:3:   layout_small_grid, nicolae_spider_entry_orb_guardian
Lair:4:   layout_layer_cave, slime_entry_1, nicolae_volcano_entry_lava_flow,
          beast_lair_carwin_8
Lair:5:   grunt_lair_end_beastmaster, layout_small_grid, gammafunk_ghost_grave
Arena

Skill      XL: |  1  2  3  4  5  6  7  8  9 10 11 12 13 14 15 16 |
---------------+-------------------------------------------------+-----
Long Blades    | 2 3 4 5 6 7 9 10 11 13 | 13.8
Fighting       | 4 5 6 7 8 9 10 11 | 11.1
Armour         | 4 5 6 7 8 9 10 | 10.9
Dodging        | 1 2 3 4 5 6 |  6.1
Shields        | 4 5 6 7 9 10 11 12 | 12.6
Invocations    | 1 3 5 7 8 10 11 12 | 12.9
Stealth        | 1 2 |  2.2
Throwing       | 1 |  1.6
Axes           | |  0.3
Evocations     | |  0.7

Action                   |  1- 3 |  4- 6 |  7- 9 | 10-12 | 13-15 | 16-18 || total
-------------------------+-------+-------+-------+-------+-------+-------++-------
Melee: Short sword       |    24 |       |       |       |       |       ||    24
       Long sword        |    79 |    78 |   411 |   774 |   183 |       ||  1525
       War axe           |       |       |       |   140 |    38 |       ||   178
       Falchion          |       |       |       |     6 |       |       ||     6
       Great sword       |       |       |       |       |   392 |   261 ||   653
       Kick              |       |       |       |       |       |    57 ||    57
Throw: Dart              |       |       |       |    19 |    13 |     8 ||    40
       Throwing net      |       |       |       |       |     1 |       ||     1
       Boomerang         |       |       |       |       |       |     4 ||     4
       Javelin           |       |       |       |       |       |     1 ||     1
Invok: Heroism           |       |       |       |     1 |       |       ||     1
       Finesse           |       |       |       |     1 |     1 |     3 ||     5
       Duel              |       |       |       |       |       |     1 ||     1
Evoke: Wand              |       |     4 |     4 |       |       |       ||     8
       Condenser vane    |       |       |       |     1 |       |       ||     1
  Use: Scroll            |     8 |     6 |     9 |     7 |     4 |     5 ||    39
       Potion            |       |     1 |     1 |     5 |     2 |     4 ||    13
 Stab: Sleeping          |       |       |       |       |     4 |     1 ||     5
       Distracted        |       |       |       |       |       |     1 ||     1
Armor: Scale mail        |    48 |    23 |   100 |   202 |   300 |   192 ||   865
       Plate armour      |       |       |    77 |   257 |       |       ||   334
       Troll leather arm |       |       |     1 |       |       |       ||     1
Dodge: Dodged            |    46 |    36 |   119 |   262 |   258 |   186 ||   907
Block: Buckler           |    22 |    19 |    59 |       |       |       ||   100
       Reflection        |       |     1 |     4 |     4 |     4 |     1 ||    14
       Kite shield       |       |       |   218 |   801 |   169 |       ||  1188
       Other             |       |       |       |       |    76 |    74 ||   150
